EL
HARRISBURG SENATORS @ MISSISSIPPI BRAVES
04/29/2048
 
TOP OF THE 1ST
Harrisburg Senators batting - Pitching for Mississippi Braves : RHP Orlando Velazquez
Pitching: RHP Orlando Velazquez
Batting: RHB Kevin Whitenack 0-0: Ball
1-0: Ball
2-0: SINGLE (Groundball, 5S, EV 71.2 MPH) (infield hit)
Batting: RHB Ryan Hiemer 0-0: Ball
1-0: Foul Ball, location: 2F
1-1: SINGLE (Line Drive, 34D, EV 100.0 MPH)
Kevin Whitenack to second
Runner from 2nd tries for 3rd, SAFE, throw by RF made to third
Batting: RHB Antonio Laurel 0-0: Called Strike
0-1: Called Strike
0-2: Strikes out swinging
Batting: RHB Kevin Wick 0-0: Called Strike
0-1: Ball
1-1: Swinging Strike
1-2: Strikes out swinging
Batting: RHB Slavik Nebrodov 0-0: Ball
1-0: Ball
2-0: Foul Ball, location: 2F
2-1: Called Strike
2-2: Strikes out swinging
Top of the 1st over - 0 runs, 2 hits, 0 errors, 2 left on base; Harrisburg 0 - Mississippi 0
BOTTOM OF THE 1ST
Mississippi Braves batting - Pitching for Harrisburg Senators : RHP Ivano Galikov
Pitching: RHP Ivano Galikov
Batting: LHB Sal Fernandez 0-0: Foul Ball, location: 2F
0-1: Ball
1-1: Ball
2-1: Called Strike
2-2: Ball
3-2: Base on Balls
Batting: RHB Hieronim Rutkowski 0-0: Foul Ball, location: 2F
0-1: Ball
1-1: Ball
2-1: Swinging Strike
2-2: Strikes out swinging
Batting: RHB Erik Coleman 0-0: Ball
Sal Fernandez is caught stealing 2nd base 2-4
1-0: Called Strike
1-1: Ball
2-1: Swinging Strike
2-2: Ball
3-2: Ground out 4-3 (Groundball, 4, EV 90.6 MPH)
Bottom of the 1st over - 0 runs, 0 hits, 0 errors, 0 left on base; Harrisburg 0 - Mississippi 0
TOP OF THE 2ND
Harrisburg Senators batting - Pitching for Mississippi Braves : RHP Orlando Velazquez
Batting: RHB Antonio Morado 0-0: Ball
1-0: Ball
2-0: Swinging Strike
2-1: Ball
3-1: Base on Balls
Batting: RHB Pat Drader 0-0: Swinging Strike
0-1: Reached on error, E1 (Groundball, P, EV 63.8 MPH)
Antonio Morado to second
Batting: RHB John McNeill 0-0: Ball
1-0: Called Strike
1-1: Called Strike
1-2: SINGLE (Line Drive, 34D, EV 94.4 MPH)
Antonio Morado to third
Pat Drader to second
Batting: RHB Seth Rutz 0-0: Ball
1-0: Grounds into fielders choice 1-2 (Groundball, 13S, EV 71.2 MPH)
Pat Drader to third
John McNeill to second
Batting: RHB Kevin Whitenack 0-0: Ball
1-0: Fly out, F9 (Flyball, 9, EV 98.1 MPH)
Batting: RHB Ryan Hiemer 0-0: Swinging Strike
0-1: Ball
1-1: Swinging Strike
1-2: Strikes out looking
Top of the 2nd over - 0 runs, 1 hit, 1 error, 3 left on base; Harrisburg 0 - Mississippi 0
BOTTOM OF THE 2ND
Mississippi Braves batting - Pitching for Harrisburg Senators : RHP Ivano Galikov
Batting: LHB Art D'Ascenzo 0-0: Called Strike
0-1: Ball
1-1: Called Strike
1-2: Strikes out swinging
Batting: SHB Jose Melendez 0-0: Ball
1-0: Fly out, F8 (Flyball, 8RXD, EV 89.4 MPH)
Batting: RHB Jose Ramos 0-0: Called Strike
0-1: Ball
1-1: Ball
2-1: Foul Ball, location: 2F
2-2: Ground out 5-3 (Groundball, 56S, EV 80.6 MPH)
Bottom of the 2nd over - 0 runs, 0 hits, 0 errors, 0 left on base; Harrisburg 0 - Mississippi 0
TOP OF THE 3RD
Harrisburg Senators batting - Pitching for Mississippi Braves : RHP Orlando Velazquez
Batting: RHB Antonio Laurel 0-0: Ground out 5-3 (Groundball, 56S, EV 91.9 MPH)
Batting: RHB Kevin Wick 0-0: Ground out 1-3 (Groundball, 13S, EV 71.2 MPH)
Batting: RHB Slavik Nebrodov 0-0: SOLO HOME RUN (Line Drive, 78XD, EV 107.5 MPH), Distance : 419 ft
Batting: RHB Antonio Morado 0-0: Foul Ball, location: 2F
0-1: Ball
1-1: Hit by Pitch, AND HE CHARGES THE MOUND! The benches clear!
Pitching: RHP Thomas Crowner
Pinch Runner at 1st Paul Shell:
Batting: RHB Pat Drader 0-0: Called Strike
Paul Shell is caught stealing 2nd base 2-4
Top of the 3rd over - 1 run, 1 hit, 0 errors, 0 left on base; Harrisburg 1 - Mississippi 0
BOTTOM OF THE 3RD
Mississippi Braves batting - Pitching for Harrisburg Senators : RHP Ivano Galikov
Now at SS: Paul Shell
Batting: RHB Jose Garate 0-0: Called Strike
0-1: Foul Ball, location: 2F
0-2: Foul Ball, location: 2F
0-2: Ball
1-2: Ball
2-2: Fly out, F9 (Flyball, 9, EV 93.1 MPH)
Batting: LHB Luis Cruz 0-0: Called Strike
0-1: Foul Ball, location: 2F
0-2: Ball
1-2: Ground out 4-3 (Groundball, 4M, EV 88.8 MPH)
Batting: RHB Alex Velasquez 0-0: Ball
1-0: Ball
2-0: Foul Ball, location: 2F
2-1: TRIPLE (Flyball, 78XD, EV 97.5 MPH)
Batting: LHB Sal Fernandez 0-0: Ball
1-0: Called Strike
1-1: Fly out, F7 (Flyball, 7, EV 81.9 MPH)
Bottom of the 3rd over - 0 runs, 1 hit, 0 errors, 1 left on base; Harrisburg 1 - Mississippi 0
TOP OF THE 4TH
Harrisburg Senators batting - Pitching for Mississippi Braves : RHP Thomas Crowner
Batting: RHB Pat Drader 0-0: Swinging Strike
0-1: DOUBLE (Line Drive, 9LM, EV 101.9 MPH)
Batting: RHB John McNeill 0-0: Ball
1-0: Foul Ball, location: 2F
1-1: Called Strike
1-2: Ball
2-2: Ball
3-2: Ground out 4-3 (Groundball, 4D, EV 103.1 MPH)
Pat Drader to third
Batting: RHB Seth Rutz 0-0: DOUBLE (Line Drive, 78XD, EV 108.8 MPH)
Pat Drader scores
Batting: RHB Kevin Whitenack 0-0: Foul Ball, location: 2F
0-1: Foul Ball, location: 2F
0-2: Foul Ball, location: 2F
0-2: Ball
1-2: Ball
2-2: Foul Ball, location: 2F
2-2: Foul Ball, location: 2F
2-2: Ball
3-2: DOUBLE (Flyball, 8LXD, EV 102.5 MPH)
Seth Rutz scores
Batting: RHB Ryan Hiemer 0-0: Swinging Strike
0-1: Called Strike
0-2: Ball
1-2: Ball
2-2: Foul Ball, location: 2F
2-2: Strikes out swinging
Batting: RHB Antonio Laurel 0-0: Called Strike
0-1: SINGLE (Groundball, 6MD, EV 104.4 MPH)
Kevin Whitenack to third
Runner from 3rd tries for Home, SAFE, throw by CF to home
Batting: RHB Kevin Wick 0-0: Ball
1-0: Foul Ball, location: 2F
1-1: Foul Ball, location: 2F
1-2: Foul Ball, location: 2F
1-2: Ball
2-2: Fly out, F8 (Flyball, 78S, EV 91.9 MPH)
Top of the 4th over - 3 runs, 4 hits, 0 errors, 1 left on base; Harrisburg 4 - Mississippi 0
BOTTOM OF THE 4TH
Mississippi Braves batting - Pitching for Harrisburg Senators : RHP Ivano Galikov
Batting: RHB Hieronim Rutkowski 0-0: Ball
1-0: Called Strike
1-1: Foul Ball, location: 2F
1-2: Ground out 6-3 (Groundball, 56, EV 86.2 MPH)
Batting: RHB Erik Coleman 0-0: Called Strike
0-1: Ball
1-1: Swinging Strike
1-2: Strikes out swinging
Batting: LHB Art D'Ascenzo 0-0: Called Strike
0-1: Ball
1-1: Fly out, F8 (Flyball, 8LD, EV 104.4 MPH)
Bottom of the 4th over - 0 runs, 0 hits, 0 errors, 0 left on base; Harrisburg 4 - Mississippi 0
TOP OF THE 5TH
Harrisburg Senators batting - Pitching for Mississippi Braves : RHP Thomas Crowner
Pitching: LHP Carlos Salcido
Batting: RHB Slavik Nebrodov 0-0: Ball
1-0: Called Strike
1-1: Ball
2-1: Foul Ball, location: 2F
2-2: Ball
3-2: Base on Balls
Batting: RHB Paul Shell 0-0: Ball
1-0: Ball
2-0: Called Strike
2-1: Called Strike
2-2: Strikes out swinging
Batting: RHB Pat Drader 0-0: Swinging Strike
0-1: Called Strike
0-2: SINGLE (Line Drive, 89M, EV 93.8 MPH)
Slavik Nebrodov to second
Batting: RHB John McNeill 0-0: Ball
1-0: Ball
2-0: Called Strike
2-1: Foul Ball, location: 2F
2-2: Ball
3-2: Grounds into double play, 4-6-3 (Groundball, 4, EV 101.9 MPH)
Top of the 5th over - 0 runs, 1 hit, 0 errors, 1 left on base; Harrisburg 4 - Mississippi 0
BOTTOM OF THE 5TH
Mississippi Braves batting - Pitching for Harrisburg Senators : RHP Ivano Galikov
Batting: SHB Jose Melendez 0-0: Called Strike
0-1: Ball
1-1: Ball
2-1: Ball
3-1: Ground out 5-3 (Groundball, 5, EV 88.1 MPH)
Batting: RHB Jose Ramos 0-0: Ball
1-0: Ball
2-0: Ball
3-0: Base on Balls
Batting: RHB Jose Garate 0-0: Ball
1-0: Called Strike
1-1: Foul Ball, location: 2F
1-2: Strikes out swinging
Batting: LHB Luis Cruz 0-0: Ball
1-0: Ball
Jose Ramos is caught stealing 2nd base 2-6
Bottom of the 5th over - 0 runs, 0 hits, 0 errors, 0 left on base; Harrisburg 4 - Mississippi 0
TOP OF THE 6TH
Harrisburg Senators batting - Pitching for Mississippi Braves : LHP Carlos Salcido
Batting: RHB Seth Rutz 0-0: Called Strike
0-1: Swinging Strike
0-2: Ball
1-2: Strikes out swinging
Pitching: RHP Frank Diaz
Batting: RHB Kevin Whitenack 0-0: Called Strike
0-1: Foul Ball, location: 2F
0-2: Foul Ball, location: 2F
0-2: DOUBLE (Line Drive, 7LS, EV 91.9 MPH)
Batting: RHB Ryan Hiemer 0-0: Foul Ball, location: 2F
0-1: Foul Ball, location: 2F
0-2: Ball
1-2: Fly out, F8 (Line Drive, 8LD, EV 93.8 MPH)
Batting: RHB Antonio Laurel 0-0: Intentional Walk
Batting: RHB Kevin Wick 0-0: Ball
1-0: Ball
2-0: Called Strike
2-1: Swinging Strike
2-2: Strikes out swinging
Top of the 6th over - 0 runs, 1 hit, 0 errors, 2 left on base; Harrisburg 4 - Mississippi 0
BOTTOM OF THE 6TH
Mississippi Braves batting - Pitching for Harrisburg Senators : RHP Ivano Galikov
Batting: LHB Luis Cruz 0-0: Called Strike
0-1: Ball
1-1: Ball
2-1: Ball
3-1: Called Strike
3-2: Strikes out swinging
Batting: RHB Alex Velasquez 0-0: Foul Ball, location: 2F
0-1: Ball
1-1: Called Strike
1-2: SINGLE (Line Drive, 34D, EV 95.0 MPH)
Batting: LHB Sal Fernandez 0-0: Ball
Alex Velasquez steals 2nd base
1-0: Ball
2-0: Swinging Strike
2-1: Foul Ball, location: 2F
2-2: Foul Ball, location: 2F
2-2: Ball
3-2: Base on Balls
Batting: RHB Hieronim Rutkowski 0-0: Called Strike
0-1: Ball
1-1: Foul Ball, location: 2F
1-2: Ball
2-2: Grounds into double play, 5-4-3 (Groundball, 56S, EV 84.4 MPH)
Bottom of the 6th over - 0 runs, 1 hit, 0 errors, 1 left on base; Harrisburg 4 - Mississippi 0
TOP OF THE 7TH
Harrisburg Senators batting - Pitching for Mississippi Braves : RHP Frank Diaz
Batting: RHB Slavik Nebrodov 0-0: Ball
1-0: Ball
2-0: Foul Ball, location: 2F
2-1: Ground out 6-3 (Groundball, 56D, EV 102.5 MPH)
Batting: RHB Paul Shell 0-0: Ball
1-0: Ball
2-0: SINGLE (Groundball, 56S, EV 69.4 MPH) (infield hit)
Batting: RHB Pat Drader 0-0: Ball
Paul Shell steals 2nd base
1-0: Called Strike
1-1: Called Strike
1-2: Ground out 6-3 (Groundball, 6, EV 88.1 MPH)
Paul Shell to third
Batting: RHB John McNeill 0-0: Called Strike
0-1: Ball
1-1: Ball
2-1: Foul Ball, location: 2F
2-2: Fly out, F7 (Flyball, 7S, EV 76.2 MPH)
Top of the 7th over - 0 runs, 1 hit, 0 errors, 1 left on base; Harrisburg 4 - Mississippi 0
BOTTOM OF THE 7TH
Mississippi Braves batting - Pitching for Harrisburg Senators : RHP Ivano Galikov
Batting: RHB Erik Coleman 0-0: Swinging Strike
0-1: Foul Ball, location: 2F
0-2: Ball
1-2: Ball
2-2: Strikes out swinging
Pitching: RHP Chris Close
Batting: LHB Art D'Ascenzo 0-0: Called Strike
0-1: Ball
1-1: Ball
2-1: Foul Ball, location: 2F
2-2: Strikes out swinging
Batting: SHB Jose Melendez 0-0: Foul Ball, location: 2F
0-1: Called Strike
0-2: Ground out 6-3 (Groundball, 6S, EV 75.6 MPH)
Bottom of the 7th over - 0 runs, 0 hits, 0 errors, 0 left on base; Harrisburg 4 - Mississippi 0
TOP OF THE 8TH
Harrisburg Senators batting - Pitching for Mississippi Braves : RHP Frank Diaz
Pitching: LHP Aaron Manees
Batting: RHB Seth Rutz 0-0: Ball
1-0: Ball
2-0: Ball
3-0: Called Strike
3-1: Base on Balls
Batting: RHB Kevin Whitenack 0-0: Ball
1-0: Swinging Strike
1-1: Called Strike
1-2: Foul Ball, location: 2F
1-2: Ball
2-2: Strikes out swinging
Batting: RHB Ryan Hiemer 0-0: Foul Ball, location: 2F
0-1: Ball
1-1: Ball
2-1: Fielders Choice at 2nd, 6-4 (Groundball, 6, EV 105.6 MPH)
Batting: RHB Antonio Laurel 0-0: Hit by Pitch
Ryan Hiemer to second
Batting: RHB Kevin Wick 0-0: Called Strike
0-1: Ball
1-1: Fly out, F9 (Flyball, 9LDF, EV 93.1 MPH)
Top of the 8th over - 0 runs, 0 hits, 0 errors, 2 left on base; Harrisburg 4 - Mississippi 0
BOTTOM OF THE 8TH
Mississippi Braves batting - Pitching for Harrisburg Senators : RHP Chris Close
Batting: RHB Jose Ramos 0-0: Ball
1-0: Called Strike
1-1: Ball
2-1: Foul Ball, location: 2F
2-2: Strikes out swinging
Batting: RHB Jose Garate 0-0: Ball
1-0: Ground out 6-3 (Groundball, 6, EV 83.1 MPH)
Batting: LHB Luis Cruz 0-0: Ball
1-0: Ball
2-0: Called Strike
2-1: Foul Ball, location: 2F
2-2: Foul Ball, location: 2F
2-2: Ball
3-2: Fly out, F8 (Line Drive, 8LD, EV 111.9 MPH)
Bottom of the 8th over - 0 runs, 0 hits, 0 errors, 0 left on base; Harrisburg 4 - Mississippi 0
TOP OF THE 9TH
Harrisburg Senators batting - Pitching for Mississippi Braves : LHP Aaron Manees
Pitching: RHP Alfredo Leiva
Batting: RHB Slavik Nebrodov 0-0: Ball
1-0: Ball
2-0: Ball
3-0: Called Strike
3-1: SINGLE (Groundball, 56D, EV 106.2 MPH)
Batting: RHB Paul Shell 0-0: Bunted foul
0-1: Ball
1-1: Bunt missed!
1-2: Fielders Choice at 2nd, 5-4 (Groundball, 56, EV 85.0 MPH)
Batting: RHB Pat Drader 0-0: Called Strike
0-1: Called Strike
Paul Shell steals 2nd base
0-2: Foul Ball, location: 2F
0-2: Ball
1-2: SINGLE (Groundball, 34D, EV 93.8 MPH)
Paul Shell to third
Runner from 3rd tries for Home, throw by RF and OUT! 9-2
Pat Drader to second
Batting: RHB John McNeill 0-0: SINGLE (Groundball, 4MD, EV 108.1 MPH)
Pat Drader to third
Throwing error, E8
Pat Drader scores
John McNeill to second
Batting: RHB Seth Rutz 0-0: DOUBLE (Line Drive, 7LM, EV 94.4 MPH)
John McNeill scores
Batting: RHB Kevin Whitenack 0-0: Called Strike
0-1: Ball
1-1: Called Strike
1-2: Ground out 6-3 (Groundball, 6, EV 84.4 MPH)
Top of the 9th over - 2 runs, 4 hits, 1 error, 1 left on base; Harrisburg 6 - Mississippi 0
BOTTOM OF THE 9TH
Mississippi Braves batting - Pitching for Harrisburg Senators : RHP Chris Close
Batting: RHB Alex Velasquez 0-0: Fly out, F8 (Flyball, 8LXD, EV 93.1 MPH)
Batting: LHB Sal Fernandez 0-0: Foul Ball, location: 2F
0-1: Ball
1-1: Ground out 4-3 (Groundball, 4, EV 85.0 MPH)
Batting: RHB Hieronim Rutkowski 0-0: Called Strike
0-1: Ball
1-1: Called Strike
1-2: Ball
2-2: Ball
3-2: Fly out, F7 (Flyball, 7LM, EV 91.2 MPH)
Bottom of the 9th over - 0 runs, 0 hits, 0 errors, 0 left on base; Harrisburg 6 - Mississippi 0
Tuesday, March 28th , 2023 - OOTP Baseball 23.10 Build 110